| TOP OF THE 1ST |
|
Helena Brewers batting - Pitching for Kingsport Mets : RHP Ryan Egan
|
|
Pitching: RHP Ryan Egan
|
|
|
Batting: LHB Andy Buschlen
|
0-0: Called Strike 0-1: Ball 1-1: Ball 2-1: Ball 3-1: Called Strike 3-2: Base on Balls
|
|
Batting: RHB Austin Doig
|
0-0: Called Strike 0-1: Ball 1-1: Swinging Strike 1-2: Ball 2-2: Foul Ball, location: 2F 2-2: Ball 3-2: Base on Balls Andy Buschlen to second
|
|
Batting: RHB Manny Olave
|
0-0: Called Strike 0-1: Fly out, F8 (Flyball, 78M, EV 74.4 MPH)
|
|
Batting: LHB Tony Hasbun
|
0-0: Ball 1-0: Ball 2-0: Foul Ball, location: 2F 2-1: Ball 3-1: Called Strike 3-2: SINGLE (Line Drive, 6MD, EV 99.4 MPH) Andy Buschlen to third Austin Doig to second
|
|
Batting: RHB Frank Pena
|
0-0: Fly out, F3 (Popup, 3SF, EV 78.1 MPH)
|
|
Batting: LHB Jose Simental
|
0-0: Called Strike 0-1: Foul Ball, location: 2F 0-2: Strikes out swinging
|
| Top of the 1st over - 0 runs, 1 hit, 0 errors, 3 left on base; Helena 0 - Kingsport 0 |
| BOTTOM OF THE 1ST |
|
Kingsport Mets batting - Pitching for Helena Brewers : LHP Gil Sanchez
|
|
Pitching: LHP Gil Sanchez
|
|
|
Batting: LHB Randolph Brodbeck
|
0-0: Bunt missed! 0-1: Ground out 4-3 (Groundball, 4, EV 85.6 MPH)
|
|
Batting: RHB Warren Carmichael
|
0-0: Foul Ball, location: 2F 0-1: Foul Ball, location: 2F 0-2: Foul Ball, location: 2F 0-2: Foul Ball, location: 2F 0-2: Strikes out swinging
|
|
Batting: RHB Eric Zylstra
|
0-0: Ball 1-0: Ball 2-0: Called Strike 2-1: Ball 3-1: Called Strike 3-2: Base on Balls
|
|
Batting: RHB Dan Muse
|
0-0: Called Strike 0-1: 2-RUN HOME RUN (Flyball, 78XD, EV 105.0 MPH), Distance : 414 ft
|
|
Batting: RHB Juan Medina
|
0-0: Called Strike 0-1: Swinging Strike 0-2: Ball 1-2: Ground out U3 (Groundball, 34, EV 93.8 MPH)
|
| Bottom of the 1st over - 2 runs, 1 hit, 0 errors, 0 left on base; Helena 0 - Kingsport 2 |
| TOP OF THE 2ND |
|
Helena Brewers batting - Pitching for Kingsport Mets : RHP Ryan Egan
|
|
Batting: LHB Alex Chairez
|
0-0: Ball 1-0: Ball 2-0: Ball 3-0: Base on Balls
|
|
Batting: RHB Mohammed bin Ubaida
|
0-0: Called Strike Alex Chairez steals 2nd base 0-1: Foul Ball, location: 2F 0-2: Reached on error, E4 (Groundball, 4M, EV 91.2 MPH) Alex Chairez scores
|
|
Batting: RHB Gil Sanchez
|
0-0: Ball 1-0: Ball Wild Pitch! Mohammed bin Ubaida to third 2-0: Foul Ball, location: 2F 2-1: Ball 3-1: 2-RUN HOME RUN (Flyball, 7LD, EV 94.4 MPH), Distance : 348 ft
|
|
Batting: LHB Andy Buschlen
|
0-0: Ball 1-0: Ball 2-0: Ball 3-0: Called Strike 3-1: Foul Ball, location: 2F 3-2: Foul Ball, location: 2F 3-2: Strikes out swinging
|
|
Batting: RHB Austin Doig
|
0-0: Ball 1-0: Foul Ball, location: 2F 1-1: Foul Ball, location: 2F 1-2: Strikes out swinging
|
|
Batting: RHB Manny Olave
|
0-0: Ball 1-0: Swinging Strike 1-1: Ball 2-1: Ball 3-1: Base on Balls
|
|
Batting: LHB Tony Hasbun
|
0-0: Ball 1-0: Ball Passed Ball! Manny Olave to second 2-0: Ball 3-0: Called Strike 3-1: Reached on error, E6 (Groundball, 6, EV 80.6 MPH) Manny Olave scores
|
|
Batting: RHB Frank Pena
|
0-0: Swinging Strike 0-1: Called Strike 0-2: Ball 1-2: Foul Ball, location: 2F 1-2: Ball 2-2: SINGLE (Groundball, 6D, EV 98.8 MPH) Tony Hasbun to third Runner from 3rd tries for Home, SAFE, throw by CF to home
|
|
Batting: LHB Jose Simental
|
0-0: Called Strike 0-1: Fly out, F7 (Flyball, 7S, EV 90.0 MPH)
|
| Top of the 2nd over - 5 runs, 2 hits, 2 errors, 1 left on base; Helena 5 - Kingsport 2 |
| BOTTOM OF THE 2ND |
|
Kingsport Mets batting - Pitching for Helena Brewers : LHP Gil Sanchez
|
|
Batting: RHB Artyom Shavkunov
|
0-0: Ball 1-0: Ball 2-0: Called Strike 2-1: Foul Ball, location: 2F 2-2: SOLO HOME RUN (Flyball, 78XD, EV 98.8 MPH), Distance : 415 ft
|
|
Batting: RHB Craig Alvarado
|
0-0: Called Strike 0-1: Ball 1-1: Foul Ball, location: 2F 1-2: Ball 2-2: Fly out, F7 (Flyball, 78S, EV 85.0 MPH)
|
|
Batting: RHB Kyle Verkamp
|
0-0: Ball 1-0: Ground out 4-3 (Groundball, 4, EV 81.9 MPH)
|
|
Batting: LHB Rick Vallis
|
0-0: Called Strike 0-1: Fly out, F7 (Flyball, 7LS, EV 88.8 MPH)
|
| Bottom of the 2nd over - 1 run, 1 hit, 0 errors, 0 left on base; Helena 5 - Kingsport 3 |
| TOP OF THE 3RD |
|
Helena Brewers batting - Pitching for Kingsport Mets : RHP Ryan Egan
|
|
Batting: LHB Alex Chairez
|
0-0: Fly out, F3 (Line Drive, 3L, EV 68.8 MPH)
|
|
Batting: RHB Mohammed bin Ubaida
|
0-0: Ball 1-0: DOUBLE (Line Drive, 7LS, EV 97.5 MPH)
|
|
Batting: RHB Gil Sanchez
|
0-0: Called Strike 0-1: Foul Ball, location: 2F 0-2: Strikes out swinging
|
|
Batting: LHB Andy Buschlen
|
0-0: Foul Ball, location: 2F 0-1: Ball Passed Ball! Mohammed bin Ubaida to third 1-1: Called Strike 1-2: Foul Ball, location: 2F 1-2: Fly out, F8 (Flyball, 8LD, EV 85.0 MPH)
|
| Top of the 3rd over - 0 runs, 1 hit, 0 errors, 1 left on base; Helena 5 - Kingsport 3 |
| BOTTOM OF THE 3RD |
|
Kingsport Mets batting - Pitching for Helena Brewers : LHP Gil Sanchez
|
|
Batting: LHB Randolph Brodbeck
|
0-0: Ball 1-0: Ball 2-0: Ball 3-0: Called Strike 3-1: Swinging Strike 3-2: Ground out 5-3 (Groundball, 5L, EV 106.9 MPH)
|
|
Batting: RHB Warren Carmichael
|
0-0: Ball 1-0: Ground out 5-3 (Groundball, 56S, EV 84.4 MPH)
|
|
Batting: RHB Eric Zylstra
|
0-0: Ball 1-0: SINGLE (Line Drive, 6MD, EV 101.9 MPH)
|
|
Batting: RHB Dan Muse
|
0-0: Called Strike 0-1: Ball 1-1: Ball 2-1: Foul Ball, location: 2F 2-2: Fielders Choice at 2nd, 6-4 (Groundball, 6, EV 83.8 MPH)
|
| Bottom of the 3rd over - 0 runs, 1 hit, 0 errors, 1 left on base; Helena 5 - Kingsport 3 |
| TOP OF THE 4TH |
|
Helena Brewers batting - Pitching for Kingsport Mets : RHP Ryan Egan
|
|
Batting: RHB Austin Doig
|
0-0: Ball 1-0: Ball 2-0: Ball 3-0: Called Strike 3-1: Called Strike 3-2: Ground out 4-3 (Groundball, 4M, EV 102.5 MPH)
|
|
Batting: RHB Manny Olave
|
0-0: Ground out 6-3 (Groundball, 6, EV 81.9 MPH)
|
|
Batting: LHB Tony Hasbun
|
0-0: Called Strike 0-1: Ball 1-1: Foul Ball, location: 2F 1-2: Strikes out looking
|
| Top of the 4th over - 0 runs, 0 hits, 0 errors, 0 left on base; Helena 5 - Kingsport 3 |
| BOTTOM OF THE 4TH |
|
Kingsport Mets batting - Pitching for Helena Brewers : LHP Gil Sanchez
|
|
Batting: RHB Juan Medina
|
0-0: Ball 1-0: Called Strike 1-1: Fly out, F9 (Flyball, 89M, EV 82.5 MPH)
|
|
Batting: RHB Artyom Shavkunov
|
0-0: Called Strike 0-1: Swinging Strike 0-2: Strikes out swinging
|
|
Batting: RHB Craig Alvarado
|
0-0: Ball 1-0: Ground out 6-3 (Groundball, 56, EV 88.8 MPH)
|
| Bottom of the 4th over - 0 runs, 0 hits, 0 errors, 0 left on base; Helena 5 - Kingsport 3 |
| TOP OF THE 5TH |
|
Helena Brewers batting - Pitching for Kingsport Mets : RHP Ryan Egan
|
|
Batting: RHB Frank Pena
|
0-0: Called Strike 0-1: Ball 1-1: Swinging Strike 1-2: Fly out, F8 (Flyball, 8LXD, EV 91.2 MPH)
|
|
Batting: LHB Jose Simental
|
0-0: Foul Ball, location: 2F 0-1: Ball 1-1: Called Strike 1-2: Strikes out swinging
|
|
Batting: LHB Alex Chairez
|
0-0: Ball 1-0: Ball 2-0: Ball 3-0: Base on Balls
|
|
Pitching: RHP Justin Vallis
|
|
|
Batting: RHB Mohammed bin Ubaida
|
0-0: Called Strike 0-1: Swinging Strike 0-2: Ball 1-2: Ball 2-2: Ball Wild Pitch! Alex Chairez to second 3-2: Base on Balls
|
|
Batting: RHB Gil Sanchez
|
0-0: DOUBLE (Line Drive, 7LD, EV 108.1 MPH) Alex Chairez scores Mohammed bin Ubaida to third
|
|
Batting: LHB Andy Buschlen
|
0-0: Ball 1-0: Foul Ball, location: 2F 1-1: Foul Ball, location: 2F 1-2: Hit by Pitch
|
|
Batting: RHB Austin Doig
|
0-0: Ball 1-0: Foul Ball, location: 2F 1-1: Ball 2-1: Ball 3-1: Base on Balls Mohammed bin Ubaida scores Gil Sanchez to third Andy Buschlen to second
|
|
Batting: RHB Manny Olave
|
0-0: Called Strike 0-1: Ball 1-1: Foul Ball, location: 2F 1-2: Ball 2-2: Strikes out swinging
|
| Top of the 5th over - 2 runs, 1 hit, 0 errors, 3 left on base; Helena 7 - Kingsport 3 |
| BOTTOM OF THE 5TH |
|
Kingsport Mets batting - Pitching for Helena Brewers : LHP Gil Sanchez
|
|
Batting: RHB Kyle Verkamp
|
0-0: Ball 1-0: Ball 2-0: Ball 3-0: Base on Balls
|
|
Batting: LHB Rick Vallis
|
0-0: Ball 1-0: Called Strike 1-1: Ball 2-1: Foul Ball, location: 2F 2-2: Strikes out swinging
|
|
Batting: LHB Randolph Brodbeck
|
0-0: Called Strike 0-1: Swinging Strike 0-2: Ball 1-2: Foul Ball, location: 2F 1-2: Strikes out swinging
|
|
Batting: RHB Warren Carmichael
|
0-0: Fly out, F7 (Line Drive, 78M, EV 93.1 MPH)
|
| Bottom of the 5th over - 0 runs, 0 hits, 0 errors, 1 left on base; Helena 7 - Kingsport 3 |
| TOP OF THE 6TH |
|
Helena Brewers batting - Pitching for Kingsport Mets : RHP Justin Vallis
|
|
Batting: LHB Tony Hasbun
|
0-0: Ball 1-0: Ball 2-0: Swinging Strike 2-1: Ball 3-1: Foul Ball, location: 2F 3-2: Strikes out swinging
|
|
Batting: RHB Frank Pena
|
0-0: Ball 1-0: Ball 2-0: Called Strike 2-1: Ball 3-1: Ground out 5-3 (Groundball, 5, EV 77.5 MPH)
|
|
Batting: LHB Jose Simental
|
0-0: Ball 1-0: Foul Ball, location: 2F 1-1: Hit by Pitch
|
|
Pitching: RHP Mike Whitaker
|
|
|
Batting: LHB Alex Chairez
|
0-0: Called Strike 0-1: Ball 1-1: Ball 2-1: Foul Ball, location: 2F 2-2: Foul Ball, location: 2F 2-2: Foul Ball, location: 2F 2-2: SINGLE (Groundball, 34D, EV 105.0 MPH) Jose Simental to second Runner from 2nd tries for 3rd, SAFE, throw by RF made to third
|
|
Batting: RHB Mohammed bin Ubaida
|
0-0: Ball 1-0: Ball 2-0: Fielders Choice at 2nd, 5-4 (Groundball, 5, EV 102.5 MPH)
|
| Top of the 6th over - 0 runs, 1 hit, 0 errors, 2 left on base; Helena 7 - Kingsport 3 |
| BOTTOM OF THE 6TH |
|
Kingsport Mets batting - Pitching for Helena Brewers : LHP Gil Sanchez
|
|
Batting: RHB Eric Zylstra
|
0-0: Foul Ball, location: 2F 0-1: Ball 1-1: Fly out, F8 (Line Drive, 89M, EV 93.8 MPH)
|
|
Batting: RHB Dan Muse
|
0-0: Ball 1-0: Ball 2-0: Ball 3-0: Base on Balls
|
|
Batting: RHB Juan Medina
|
0-0: Ball 1-0: Grounds into double play, 4-6-3 (Groundball, 34, EV 83.1 MPH)
|
| Bottom of the 6th over - 0 runs, 0 hits, 0 errors, 0 left on base; Helena 7 - Kingsport 3 |
| TOP OF THE 7TH |
|
Helena Brewers batting - Pitching for Kingsport Mets : RHP Mike Whitaker
|
|
Batting: RHB Gil Sanchez
|
0-0: Swinging Strike 0-1: Called Strike 0-2: Foul Ball, location: 2F 0-2: Foul Ball, location: 2F 0-2: Foul Ball, location: 2F 0-2: Strikes out swinging
|
|
Batting: LHB Andy Buschlen
|
0-0: Ball 1-0: Ground out 4-3 (Groundball, 4, EV 100.0 MPH)
|
|
Batting: RHB Austin Doig
|
0-0: Hit by Pitch
|
|
Batting: RHB Manny Olave
|
0-0: Foul Ball, location: 2F 0-1: Ball 1-1: Called Strike Austin Doig steals 2nd base 1-2: Strikes out swinging
|
| Top of the 7th over - 0 runs, 0 hits, 0 errors, 1 left on base; Helena 7 - Kingsport 3 |
| BOTTOM OF THE 7TH |
|
Kingsport Mets batting - Pitching for Helena Brewers : LHP Gil Sanchez
|
|
Pitching: RHP Mario Ayala
|
|
|
Batting: RHB Artyom Shavkunov
|
0-0: Ball 1-0: Foul Ball, location: 2F 1-1: Fly out, F8 (Flyball, 8LD, EV 98.1 MPH)
|
|
Batting: RHB Craig Alvarado
|
0-0: Foul Ball, location: 2F 0-1: Swinging Strike 0-2: Ball 1-2: Ball 2-2: DOUBLE (Line Drive, 9LM, EV 100.0 MPH)
|
|
Batting: RHB Kyle Verkamp
|
0-0: Called Strike 0-1: Ball 1-1: Called Strike 1-2: Foul Ball, location: 2F 1-2: Ball 2-2: Foul Ball, location: 2F 2-2: Ball 3-2: Strikes out swinging
|
|
Batting: LHB Rick Vallis
|
0-0: Ball 1-0: Called Strike 1-1: Called Strike 1-2: Ball Wild Pitch! Craig Alvarado to third 2-2: Ball 3-2: Fly out, F8 (Flyball, 8LS, EV 93.1 MPH)
|
| Bottom of the 7th over - 0 runs, 1 hit, 0 errors, 1 left on base; Helena 7 - Kingsport 3 |
| TOP OF THE 8TH |
|
Helena Brewers batting - Pitching for Kingsport Mets : RHP Mike Whitaker
|
|
Batting: LHB Tony Hasbun
|
0-0: Called Strike 0-1: Ball 1-1: SINGLE (Groundball, 3D, EV 103.1 MPH)
|
|
Pitching: RHP Antonio Reyes
|
|
|
Batting: RHB Frank Pena
|
0-0: Called Strike 0-1: Ball 1-1: Ball 2-1: Fly out, F8 (Flyball, 89M, EV 87.5 MPH)
|
|
Batting: LHB Jose Simental
|
0-0: Called Strike 0-1: Grounds into double play, 4-6-3 (Groundball, 4, EV 96.9 MPH)
|
| Top of the 8th over - 0 runs, 1 hit, 0 errors, 0 left on base; Helena 7 - Kingsport 3 |
| BOTTOM OF THE 8TH |
|
Kingsport Mets batting - Pitching for Helena Brewers : RHP Mario Ayala
|
|
Batting: LHB Randolph Brodbeck
|
0-0: SINGLE (Groundball, 6M, EV 96.2 MPH)
|
|
Batting: RHB Warren Carmichael
|
0-0: Ball 1-0: Ball 2-0: SINGLE (Flyball, 6MD, EV 81.2 MPH) Randolph Brodbeck to second
|
|
Batting: RHB Eric Zylstra
|
0-0: Ball 1-0: Foul Ball, location: 2F 1-1: Called Strike 1-2: Ball 2-2: Ball 3-2: Strikes out swinging
|
|
Batting: RHB Dan Muse
|
0-0: Ball 1-0: Ball 2-0: Ball 3-0: Called Strike 3-1: Called Strike 3-2: Base on Balls Randolph Brodbeck to third Warren Carmichael to second
|
|
Pitching: LHP Keith Rogers
|
|
|
Batting: RHB Juan Medina
|
0-0: Called Strike 0-1: Ball 1-1: Foul Ball, location: 2F 1-2: SINGLE (Groundball, 56D, EV 97.5 MPH) Randolph Brodbeck scores Warren Carmichael to third Dan Muse to second Runner from 3rd tries for Home, SAFE, throw by LF to home
|
|
Batting: RHB Artyom Shavkunov
|
0-0: Swinging Strike 0-1: Foul Ball, location: 2F 0-2: Ball 1-2: Grounds into double play, 4-6-3 (Groundball, 4, EV 82.5 MPH)
|
| Bottom of the 8th over - 2 runs, 3 hits, 0 errors, 1 left on base; Helena 7 - Kingsport 5 |
| TOP OF THE 9TH |
|
Helena Brewers batting - Pitching for Kingsport Mets : RHP Antonio Reyes
|
|
Batting: LHB Alex Chairez
|
0-0: Foul Ball, location: 2F 0-1: Swinging Strike 0-2: SINGLE (Groundball, 34D, EV 106.2 MPH)
|
|
Batting: RHB Mohammed bin Ubaida
|
0-0: Sac Bunt to P - play at first, batter OUT! 1-3 Alex Chairez to second
|
|
Batting: RHB Gil Sanchez
|
0-0: Called Strike 0-1: Foul Ball, location: 2F 0-2: Strikes out looking
|
|
Batting: LHB Andy Buschlen
|
0-0: Ball 1-0: Called Strike 1-1: Ball 2-1: Foul Ball, location: 2F 2-2: Ball 3-2: Fly out, F8 (Flyball, 8RXD, EV 100.0 MPH)
|
| Top of the 9th over - 0 runs, 1 hit, 0 errors, 1 left on base; Helena 7 - Kingsport 5 |
| BOTTOM OF THE 9TH |
|
Kingsport Mets batting - Pitching for Helena Brewers : LHP Keith Rogers
|
|
Pitching: LHP Dan Mclaren
|
|
|
Now at SS: Justin Marino
|
|
|
Now in LF: Daniel Pena
|
|
|
Now in CF: Jesus Menjivar
|
|
|
Batting: RHB Craig Alvarado
|
0-0: Ball 1-0: Ball 2-0: Ball 3-0: Called Strike 3-1: Base on Balls
|
|
Batting: RHB Kyle Verkamp
|
0-0: Ball 1-0: Foul Ball, location: 2F 1-1: Ball 2-1: Ball 3-1: Called Strike 3-2: Foul Ball, location: 2F 3-2: Base on Balls Craig Alvarado to second
|
|
Pinch Hitting: RHB Jim Freels
|
0-0: Called Strike 0-1: Swinging Strike 0-2: Strikes out swinging
|
|
Pinch Hitting: RHB Coltin Nellis
|
0-0: Ball 1-0: Called Strike 1-1: Foul Ball, location: 2F 1-2: Strikes out swinging
|
|
Batting: RHB Warren Carmichael
|
0-0: Called Strike 0-1: Foul Ball, location: 2F 0-2: Ball 1-2: Ball 2-2: Strikes out swinging
|
| Bottom of the 9th over - 0 runs, 0 hits, 0 errors, 2 left on base; Helena 7 - Kingsport 5 |
|